 Dungeon Crawl Stone Soup version 0.26-a0-720-g2a1d101370 (webtiles) character file.

Game seed: 13503418524232274673

10274 2tc the Tainter (level 11, -2/75 HPs)
             Began as a Demonspawn Venom Mage on Nov 2, 2020.
             Was an Elder of Vehumet.
             Slain by a five-headed hydra (5 damage)
             ... on level 11 of the Dungeon.
             The game lasted 01:22:06 (12133 turns).

2tc the Tainter (Demonspawn Venom Mage)            Turns: 12133, Time: 01:22:06

Health: -2/75      AC:  9    Str: 12    XL:     11   Next: 34%
Magic:  0/17       EV: 16    Int: 17    God:    Vehumet [****..]
Gold:   115        SH:  0    Dex: 13    Spells: 2/18 levels left

rFire    . . .     SeeInvis .   x - staff of poison
rCold    . . .     Faith    .   (no shield)
rNeg     . . .     Spirit   +   n - +1 leather armour
rPois    +         Reflect  .   (helmet unavailable)
rElec    .         Harm     .   (no cloak)
rCorr    .         Rampage  .   (no gloves)
MR       .....                  A - +0 pair of boots
Stlth    ++........             (no amulet)
HPRegen  0.22/turn              l - +4 ring of evasion
MPRegen  0.30/turn              i - +4 ring of protection

@: no status effects
A: horns 3, magic shield, magic regeneration, magic link, rot immunity, sturdy
frame 1
a: Renounce Religion


You were on level 11 of the Dungeon.
You worshipped Vehumet.
Vehumet was greatly pleased with you.
You visited 2 branches of the dungeon, and saw 12 of its levels.

You collected 504 gold pieces.
You spent 389 gold pieces at shops.

Inventory:

Hand Weapons
 c - a +0 whip
 f - a +2 flail of protection
 E - a +0 quarterstaff
Armour
 n - a +1 leather armour (worn)
 A - a +0 pair of boots (worn)
 G - a +1 buckler of reflection
Magical Staves
 x - an uncursed staff of poison (weapon)
Jewellery
 e - an uncursed ring of protection from magic
 i - a +4 ring of protection (right hand)
 l - a +4 ring of evasion (left hand)
 p - an uncursed ring of ice
 w - an uncursed ring of protection from cold
 I - a +6 ring of strength {unknown}
Wands
 d - a wand of random effects (11)
 r - a wand of acid (4)
 y - a wand of paralysis (5)
 F - a wand of enslavement (4)
Scrolls
 j - 6 scrolls of remove curse
 q - a scroll of enchant armour
 s - 3 scrolls of teleportation
 v - 3 scrolls of amnesia
 B - a scroll of enchant weapon
 H - a scroll of fog
Potions
 a - 6 potions of flight
 b - 7 potions of stabbing
 g - a potion of magic
 k - 4 potions of ambrosia
 m - 2 potions of might
 o - 2 potions of curing
 t - a potion of brilliance
 u - 2 potions of lignification
 z - a potion of cancellation {unknown}
 C - a potion of resistance {unknown}
 D - a potion of haste


   Skills:
 - Level 3.0 Fighting
 - Level 4.2(7.4) Maces & Flails
 * Level 9.5(9.9) Staves
 - Level 1.7 Dodging
 - Level 1.7 Stealth
 - Level 4.0 Spellcasting
 - Level 3.3 Conjurations
 - Level 5.8 Transmutations
 - Level 5.5 Fire Magic
 - Level 10.5 Poison Magic
 - Level 3.0 Evocations


You had 2 spell levels left.
You knew the following spells:

 Your Spells              Type           Power        Failure   Level
a - Sting                 Tmut/Pois      ####         1%          1
b - Mephitic Cloud        Conj/Pois/Air  ####....     2%          3
c - Olgreb's Toxic Radia  Pois           ######..     1%          4
d - Ignite Poison         Fire/Tmut/Pois #####...     1%          3
e - Poisonous Vapours     Pois/Air       ####..       2%          2
f - Stone Arrow           Conj/Erth      #.....       7%          3

Your spell library contained the following spells:

 Spells                   Type           Power        Failure   Level
 Conjure Flame            Conj/Fire      ###.....     2%          3
 Iskenderun's Battlesphe  Conj           ##......     28%         5
 Bolt of Magma            Conj/Fire/Erth ##........   32%         5
 Yara's Violent Unravell  Hex/Tmut       ##........   32%         5
 Cause Fear               Hex            #.........   85%         4
 Iron Shot                Conj/Erth      #.........   95%         6
 Silence                  Hex/Air        #.........   99%         5
 Orb of Destruction       Conj           ##........   100%        7
 Spellforged Servitor     Conj/Summ      #.........   100%        7
 Discord                  Hex            #.........   100%        8


Dungeon Overview and Level Annotations

Branches:
Dungeon (11/15)            Temple (1/1) D:4            Lair (0/6) D:11
    Orc (0/2) D:9

Altars:
Ashenzari
Cheibriados
Dithmenos
Elyvilon
Fedhas
Gozag
Hepliaklqana
Kikubaaqudgha
Makhleb
Nemelex Xobeh
Okawaru
Qazlal
Ru
Sif Muna
Trog
Uskayaw
Vehumet
Wu Jian
Xom
Yredelemnul
Zin
The Shining One
Jiyva

Shops:
D:4 *   D:6 !*   D:9 [   D:11 [?:=

Annotations:
D:2 2 transporters
D:8 exclusion: oklob plant


Innate Abilities, Weirdness & Mutations

You have a pair of large horns on your head.
When hurt, damage is shared between your health and your magic reserves.
You regenerate magic rapidly.
When low on magic, you restore magic in place of health.
You are immune to rotting.
Your movements are slightly less encumbered by armour. (ER -2)


Message History

Aim: a five-headed hydra (almost dead, covered in acid)
The bolt of acid misses the five-headed hydra.
The five-headed hydra misses you.
The five-headed hydra barely misses you.
The five-headed hydra misses you. x2; The five-headed hydra bites you.
* * * LOW HITPOINT WARNING * * *
You feel better. The five-headed hydra misses you.
The five-headed hydra bites you!
* * * LOW HITPOINT WARNING * * *
The five-headed hydra closely misses you. x2
The five-headed hydra bites you!
* * * LOW HITPOINT WARNING * * *
Okay, then.
The sentinel's mark upon you fades away.
The five-headed hydra is no longer covered in acid.
You see here a bullfrog corpse.
The five-headed hydra bites you!
* * * LOW HITPOINT WARNING * * *
The five-headed hydra bites you!
You die...

### ...
###.#####
..".....#
#.#.#######
#..†.....#
##.#####.#
##D## #.#
##@# #.#
##.## #.#
##...# #.#
#..#.##.###.#
#.........#
#####.#####
#.# #.# #.#


You could see a five-headed hydra.

Vanquished Creatures
  Gastronok (D:11)
  A two-headed ogre (D:8)
  Joseph (D:10)
  A gargoyle (D:11)
  Psyche (D:11)
  A merfolk (D:9)
  Grum (D:10)
  A wyvern (D:8)
  Eustachio (D:6)
  3 wargs (D:11)
  A water moccasin (D:10)
  An orc warrior (D:6)
  2 sky beasts (D:7)
  4 ice beasts
  9 necrophages (D:8)
  2 phantoms (D:7)
  9 ogres
  2 wolves (D:10)
  4 centaurs
  5 bullfrogs
  2 water moccasin zombies
  A gnoll sergeant (D:6)
  A wyvern zombie (D:8)
  2 scorpions
  6 killer bees (D:9)
  2 howler monkeys
  9 wights (D:8)
  2 centaur zombies
  A quasit (D:7)
  3 jellies
  2 bullfrog zombies
  4 orc priests
  7 hounds
  2 iguanas
  7 orc wizards
  3 bullfrog skeletons
  8 worker ants
  A hound zombie (D:7)
  2 mummies (D:8)
  2 howler monkey zombies
  15 gnolls
  A howler monkey skeleton (D:5)
  15 adders
  4 shadow imps
  3 white imps
  2 ufetubi
  An ooze (D:3)
  2 adder skeletons
  4 worms
  2 dart slugs (D:1)
  4 leopard geckos
  37 orcs
  6 bats
  6 giant cockroaches
  12 goblins
  9 hobgoblins
  13 jackals
  4 quokkas
  A ball python (D:4)
  4 frilled lizards
  3 kobolds
  A leopard gecko skeleton (D:4)
  A quokka skeleton (D:9)
  3 quokka zombies
  6 rats
277 creatures vanquished.

Vanquished Creatures (collateral kills)
  A worker ant (D:7)
  An adder (D:7)
  A quokka skeleton (D:7)
3 creatures vanquished.

Vanquished Creatures (others)
  A withered plant (D:8)
1 creature vanquished.

Grand Total: 281 creatures vanquished

Notes
Turn   | Place    | Note
-------+----------+-------------------------------------------
     0 | D:1      | 2tc the Demonspawn Venom Mage began the quest for the Orb.
     0 | D:1      | Reached XP level 1. HP: 13/13 MP: 3/3
    33 | D:1      | Reached skill level 1 in Transmutations
   271 | D:1      | Gained mutation: You have a pair of small horns on your
                  | head. [demonic ancestry]
   271 | D:1      | Reached XP level 2. HP: 19/19 MP: 3/5
   839 | D:2      | Reached XP level 3. HP: 23/24 MP: 3/6
  1041 | D:2      | Found a transporter.
  1043 | D:2      | Found a basalt altar of Yredelemnul.
  1065 | D:2      | Found a transporter.
  1086 | D:2      | Reached skill level 4 in Poison Magic
  1601 | D:2      | Reached XP level 4. HP: 30/30 MP: 2/7
  1606 | D:2      | Learned a level 3 spell: Mephitic Cloud
  2022 | D:3      | Reached skill level 5 in Poison Magic
  2401 | D:3      | Reached skill level 1 in Conjurations
  2437 | D:3      | Gained mutation: When hurt, damage is shared between your
                  | health and your magic reserves. [demonic ancestry]
  2437 | D:3      | Reached XP level 5. HP: 30/35 MP: 2/8
  2605 | D:2      | Learned a level 4 spell: Olgreb's Toxic Radiance
  3465 | D:3      | Noticed an angel
  3466 | D:3      | Found a glowing silver altar of Zin.
  3782 | D:4      | Reached skill level 1 in Fighting
  3794 | D:4      | Gained mutation: You have a pair of horns on your head.
                  | [demonic ancestry]
  3794 | D:4      | Reached XP level 6. HP: 39/43 MP: 0/10
  3827 | D:4      | Reached skill level 5 in Transmutations
  3827 | D:4      | Reached skill level 5 in Fire Magic
  3827 | D:4      | Reached skill level 10 in Poison Magic
  3827 | D:4      | Gained mutation: You regenerate magic rapidly. [demonic
                  | ancestry]
  3827 | D:4      | Reached XP level 7. HP: 31/48 MP: 5/11
  4112 | D:4      | Learned a level 3 spell: Ignite Poison
  4591 | D:4      | Found a staircase to the Ecumenical Temple.
  4656 | Temple   | Entered the Ecumenical Temple
  4771 | Temple   | Became a worshipper of Vehumet
  4827 | D:4      | Found Nosiumn's Serpentskin Sales.
  4831 | D:4      | Reached skill level 1 in Maces & Flails
  5082 | D:5      | Entered Level 5 of the Dungeon
  5088 | D:5      | Gained mutation: Your movements are slightly less
                  | encumbered by armour. (ER -2) [demonic ancestry]
  5088 | D:5      | Reached XP level 8. HP: 54/54 MP: 5/13
  5361 | D:5      | Found a sacrificial altar of Ru.
  5438 | D:5      | Learned a level 2 spell: Poisonous Vapours
  6223 | D:6      | Got a pair of jewelled boots
  6224 | D:6      | Identified the +1 pair of boots "Riyv" {rPois Int-5 Slay+2}
                  | (You found it on level 6 of the Dungeon)
  6282 | D:6      | Found Wejirus's Distillery.
  6293 | D:6      | Bought a potion of brilliance for 48 gold pieces
  6293 | D:6      | Bought a potion of mutation for 96 gold pieces
  6305 | D:6      | Gained mutation: You have a pair of large horns on your
                  | head. [demonic ancestry]
  6305 | D:6      | Reached XP level 9. HP: 61/61 MP: 14/14
  6359 | D:6      | Reached * piety under Vehumet
  6359 | D:6      | Offered knowledge of Freeze by Vehumet.
  6426 | D:6      | Noticed Eustachio
  6429 | D:6      | Killed Eustachio
  6604 | D:6      | Found Riado's Assorted Antiques.
  6824 | D:6      | Identified a scroll of acquirement
  6824 | D:6      | Acquired an uncursed staff of poison
  6926 | D:6      | Reached skill level 1 in Staves
  7284 | D:7      | Found a glowing golden altar of the Shining One.
  7287 | D:7      | Found a shimmering altar of Xom.
  7570 | D:7      | Reached ** piety under Vehumet
  7721 | D:7      | Offered knowledge of Shock by Vehumet.
  7835 | D:7      | Found a broken altar of Ashenzari.
  7835 | D:7      | Found a sparkling altar of Nemelex Xobeh.
  7883 | D:7      | Found a shimmering blue altar of Sif Muna.
  7887 | D:7      | Found an opulent altar of Gozag.
  7889 | D:7      | Found a faded altar of an unknown god.
  8117 | D:8      | Reached skill level 1 in Evocations
  8151 | D:8      | Noticed a two-headed ogre
  8158 | D:8      | Killed a two-headed ogre
  8158 | D:8      | Gained mutation: When low on magic, you restore magic in
                  | place of health. [demonic ancestry]
  8158 | D:8      | Reached XP level 10. HP: 69/69 MP: 5/16
  9076 | D:8      | Reached skill level 5 in Staves
  9204 | D:8      | Offered knowledge of Stone Arrow by Vehumet.
  9289 | D:8      | Found an iron altar of Okawaru.
  9718 | D:8      | Found a blossoming altar of Fedhas.
  9738 | D:8      | Noticed an oklob plant
  9919 | D:9      | Reached *** piety under Vehumet
 10047 | D:9      | Found Cuuloz's Armour Emporium.
 10050 | D:9      | Bought a +1 buckler of reflection for 189 gold pieces
 10077 | D:9      | Learned a level 3 spell: Stone Arrow
 10220 | D:9      | Found a staircase to the Orcish Mines.
 10601 | D:10     | Entered Level 10 of the Dungeon
 10908 | D:10     | Offered knowledge of Conjure Flame by Vehumet.
 11118 | D:10     | Noticed Grum
 11125 | D:10     | Killed Grum
 11150 | D:10     | Noticed Joseph
 11154 | D:10     | Killed Joseph
 11518 | D:11     | Found Evusua's Antique Armour Shop.
 11542 | D:11     | Noticed a gargoyle
 11547 | D:11     | Killed a gargoyle
 11547 | D:11     | Gained mutation: You are immune to rotting. [demonic
                  | ancestry]
 11547 | D:11     | Reached XP level 11. HP: 64/75 MP: 11/17
 11642 | D:11     | Noticed Psyche
 11645 | D:11     | Found a staircase to the Lair.
 11647 | D:11     | Killed Psyche
 11666 | D:11     | Reached **** piety under Vehumet
 11802 | D:11     | Noticed a five-headed hydra
 11816 | D:11     | Found Juopoqem's Magic Scroll Shoppe.
 11820 | D:11     | Bought a scroll of identify for 28 gold pieces
 11820 | D:11     | Bought a scroll of fog for 28 gold pieces
 11827 | D:11     | Found Butausauta's Book Shop.
 11827 | D:11     | Noticed Gastronok
 11987 | D:11     | Killed Gastronok
 12054 | D:11     | Found Riexuz's Jewellery Boutique.
 12133 | D:11     | HP: 3/75 [five-headed hydra (8)]
 12133 | D:11     | Slain by a five-headed hydra

Illustrated notes

Levels and vault maps discovered:
D:1:      evilmike_arrival_hilbert_curve, layout_loops_ring
D:2:      layout_loops_ring, gammafunk_temple_overflow_arena
D:3:      cheibrodos_greedy_goblins, layout_basic, zin_angel
D:4:      layout_gridville, minmay_temple_entry_overgrown, guppyfry_shop_venom
D:5:      layout_basic, nicolae_overflow_crystal_walls,
          chequers_serial_rivers_room_a
D:6:      layout_loops_cross, serial_shops, nicolae_shop_waterfront, shop,
          chequers_decorated_corner, bh_walls_and_bars, uniq_eustachio
D:7:      layout_rooms, lemuel_round_altar, chequers_temple_overflow_minitemple,
          lemuel_crystal_altar, serial_bayou_crossing
D:8:      layout_loops_cross, kennysheep_little_box, tgw_fedhas, serial_undead,
          serial_undead_a, serial_undead_f, serial_undead_d, serial_undead_e,
          serial_undead_b, serial_undead_d, serial_undead_a,
          chequers_serial_rivers_micro_e
D:9:      layout_rooms, orc_0_dummy, serial_shops, kennysheep_mini,
          serial_curves, eino_curves_03, eino_curves_02, hangedman_fish_farm
D:10:     layout_long_grid, uniq_joseph, uniq_grum
D:11:     layout_loops_ring, erik_lair_orcish_takeover, serial_shops, shop,
          shop, nicolae_shop_trees, shop, shop_statue, nrook_uturn,
          uniq_gastronok, uniq_psyche
Temple:   pf_slimified_temple

Skill      XL: |  1  2  3  4  5  6  7  8  9 10 11 |
---------------+----------------------------------+-----
Transmutations | 1 5 |  5.8
Poison Magic   | 4 5 10 | 10.5
Conjurations   | 1 2 3 |  3.3
Fighting       | 1 2 3 |  3.0
Fire Magic     | 5 |  5.5
Spellcasting   | 3 4 |  4.0
Maces & Flails | 1 3 4 |  4.2
Staves         | 4 7 9 |  9.5
Evocations     | 2 3 |  3.0
Dodging        | |  1.7
Stealth        | |  1.7

Action                   |  1- 3 |  4- 6 |  7- 9 | 10-12 || total
-------------------------+-------+-------+-------+-------++-------
Melee: Short sword       |     4 |       |       |       ||     4
       Dagger            |    61 |   190 |    13 |       ||   264
       Headbutt          |     7 |    24 |    36 |    44 ||   111
       Whip              |       |       |    91 |       ||    91
       Staff             |       |       |   147 |   286 ||   433
 Cast: Sting             |    38 |    73 |    81 |    65 ||   257
       Olgreb's Toxic Ra |       |       |    25 |    16 ||    41
       Ignite Poison     |       |       |    15 |    23 ||    38
       Poisonous Vapours |       |       |    30 |    23 ||    53
       Mephitic Cloud    |       |       |       |    12 ||    12
Evoke: Wand              |       |       |     6 |    10 ||    16
  Use: Scroll            |     5 |     2 |     9 |     7 ||    23
       Potion            |       |     2 |       |     3 ||     5
 Stab: Sleeping          |     3 |     1 |     2 |       ||     6
Armor: Robe              |    17 |    92 |     1 |       ||   110
       Leather armour    |       |       |    80 |    66 ||   146
Dodge: Dodged            |    41 |   151 |   212 |   241 ||   645

Table legend: (Time is in decaauts)
 A = Elapsed time spent in this place.
 B = Non-inter-level travel time spent in this place.
 C = Inter-level travel time spent in this place.
 D = Time resting spent in this place.
 E = Time spent auto-exploring this place.
 F = Levels seen in this place.
 G = Mean time per level.
                   A        B        C        D        E       F      G
               +--------+--------+--------+--------+--------+-----+--------+
         Total |  12112 |  11652 |    460 |   3838 |   5236 |  12 | 1009.3 |
       Dungeon |  11984 |  11537 |    447 |   3838 |   5152 |  11 | 1089.5 |
        Temple |    128 |    115 |     13 |      0 |     84 |   1 |  128.0 |
               +--------+--------+--------+--------+--------+-----+--------+

Top non-repeatable levels by time:
     D:8: 1757 daAuts
     D:3: 1561 daAuts
     D:2: 1435 daAuts
     D:4: 1284 daAuts
     D:6: 1109 daAuts
     D:5: 1041 daAuts
    D:10: 916 daAuts
     D:7: 916 daAuts
     D:9: 691 daAuts
     D:1: 669 daAuts
    D:11: 599 daAuts
  Temple: 128 daAuts
